AoeStats
← sheriffsheriffsheriff

Arabia

510491765Analyzed
1v1 RM · 2d ago on Oct 1, 2026· 25m 13s· 2 players
Game mode
Random Map
Map size
Tiny (2 player)
Population
200
Speed
Normal
Resources
Standard
Victory
Conquest
Starting age
Dark Age
Ending age
Imperial Age
RankedLock teamsTeams togetherTeam positionsShared explorationLock speedFull tech treeHidden civsTurbo modeCheats
Victory
Defeat
🇩🇪 Bulgarians · Germany
1493
+17
🇨🇭 Goths · Switzerland
1517
-17
PuffyCarrot
4:59 Loom
9:07 Feudal Age
16:01 Scale Mail Armor
15:57 Double-Bit Axe
16:19 Fletching
16:46 Padded Archer Armor
17:04 Arson
25:07 Castle Age
23:11 Horse Collar
24:06 Forging
26:04 Chain Mail Armor
sheriffsheriffsheriff
0:26 Loom
10:40 Feudal Age
13:05 Man-at-Arms
21:22 Fletching
26:11 Castle Age
Connection lost

Rejoining the realm…

Still unreachable

The connection could not be restored.

Session expired

The server has moved on; the page needs a fresh start.